 Dungeon Crawl Stone Soup version 0.31.0-12-g77e489cdc1 (webtiles) character file.

Game seed: 12919550512054504814

18 DemonSlayer the Digger (level 2, -2/19 HPs)
             Began as a Demonspawn Earth Elementalist on Feb 19, 2024.
             Slain by an orc
             ... wielding a +0 hand axe
              (3 damage)
             ... on level 4 of the Dungeon.
             The game lasted 00:01:05 (636 turns).

DemonSlayer the Digger (DsEE)                        Turns: 636, Time: 00:01:06

Health: -2/19      AC:  2    Str:  8    XL:     2   Next: 51%
Magic:  3/5        EV: 12    Int: 15    God:
Gold:   48         SH:  0    Dex: 13    Spells: 4/5 levels left

rFire   . . .        (no weapon)
rCold   . . .        (no shield)
rNeg    . . .        a - +0 robe
rPois   .            (no helmet)
rElec   .            (no cloak)
rCorr   .            (no gloves)
SInv    .            (no boots)
Will    .....        (no amulet)
Stlth   ++           (no ring)
HPRegen 0.23/turn    (no ring)
MPRegen 0.09/turn

%: no passive effects
@: no status effects
A: hooves 1
a: no special abilities


You were on level 4 of the Dungeon.
You visited 1 branch of the dungeon, and saw 4 of its levels.

You collected 48 gold pieces.

Inventory:

Missiles
 d - a throwing net
Armour
 a - a +0 robe (worn)
Scrolls
 c - a scroll of fog {unknown}
 f - a scroll of vulnerability {unknown}
 g - a scroll of teleportation {unknown}
Potions
 b - a potion of magic
 e - a potion of haste {unknown}


   Skills:
 + Level 2.0 Dodging
 + Level 1.7 Stealth
 + Level 2.1 Spellcasting
 + Level 1.0 Conjurations
 + Level 3.3 Earth Magic


You had 4 spell levels left.
You knew the following spells:

 Your Spells              Type           Power      Damage    Failure   Level
a - Sandblast             Erth           22%        2d7       5%          1

Your spell library contained the following spells:

 Spells                   Type           Power      Damage    Failure   Level
 Passwall                 Erth           11%        N/A       17%         3
 Stone Arrow              Conj/Erth      16%        3d8       26%         3
 Brom's Barrelling Bould  Conj/Erth      8%         2d3       65%         4
 Petrify                  Alch/Erth      6%         N/A       73%         4


Dungeon Overview and Level Annotations

Branches:
Dungeon (4/15)
 Temple: D:4-7

Altars:


Innate Abilities, Weirdness & Mutations

You have large cloven feet.


Message History

HP restored.
You open the door.
A kobold comes into view. It is wielding a +0 short sword.
Found an escape hatch in the floor.
A kobold is nearby!
A kobold is nearby!
A kobold is nearby!
The blast of sand hits the kobold!
You kill the kobold!
You can't see any susceptible monsters within range! (Use Z to cast anyway.)
You can't see any susceptible monsters within range! (Use Z to cast anyway.)
You can't see any susceptible monsters within range! (Use Z to cast anyway.)
There is an open door here.
Found an escape hatch in the ceiling.
You now have 48 gold pieces (gained 8).
You open the large door.
There is a large open door here.
There is a large open door here.
An endoplasm comes into view.
An endoplasm is nearby!
There is an escape hatch in the floor here.
You slide downwards.
The hatch slams shut behind you.
The orc shouts! x3; The iguana hisses angrily.
The orc priest shouts! x2
Found a scroll labelled QIUNICH GEYT.
There are monsters nearby!
There are monsters nearby!
There are monsters nearby!
There are monsters nearby!
The blast of sand hits the iguana.
The iguana is lightly wounded.
The iguana bites you. The orc barely misses you.
The blast of sand hits the iguana.
The iguana is moderately wounded.
The iguana closely misses you. The orc misses you.
A goblin comes into view. It is wielding a +0 dagger.
The orc priest hits you with a +0 whip. The iguana bites you!
* * * LOW HITPOINT WARNING * * *
The orc priest misses you. x2; The orc misses you.
The orc hits you with a +0 hand axe.
You die...

#...#
#...# ##
#...#
...##...#
........#
.......o#
.g....ol#
......o@#
......oo#
..?.....#
...##...#
## #...#
#####


You could see an iguana, 2 orc priests, 3 orcs and a goblin.

Vanquished Creatures
  A dart slug (D:1)
  A ball python (D:2)
  5 bats
  An endoplasm (D:2)
  A giant cockroach (D:3)
  4 frilled lizards
  3 kobolds
  A rat (D:1)
17 creatures vanquished.

Notes
Turn   | Place    | Note
-------+----------+-------------------------------------------
     0 | D:1      | DemonSlayer the Demonspawn Earth Elementalist began the
                  | quest for the Orb.
     0 | D:1      | Reached XP level 1. HP: 13/13 MP: 3/3
   150 | D:1      | Reached skill level 3 in Earth Magic
   203 | D:2      | Gained mutation: You have large cloven feet. [demonic
                  | ancestry]
   203 | D:2      | Reached XP level 2. HP: 9/19 MP: 1/5
   636 | D:4      | Slain by an orc

Illustrated notes

Levels and vault maps discovered:
D:1:      dpeg_arrival_erosion, layout_basic, chequers_serial_rivers_micro_d,
          minmay_misc_feat_tower
D:2:      layout_basic
D:3:      layout_basic, shapermc_ecumenical_altar_petra, serial_shops,
          nicolae_shop_rolling_square, minmay_box_of_dots
D:4:      layout_gridville, grunt_temple_overflow_open

Skill      XL: |  1  2 |
---------------+-------+-----
Earth Magic    | 3 |  3.3
Dodging        | 2 |  2.0
Stealth        | |  1.7
Spellcasting   | |  2.1
Conjurations   | |  1.0

Action                     || total
---------------------------++-------
  Melee: Unarmed           ||    13
         Kick              ||     5
   Cast: Sandblast         ||    18
 Armour: Robe              ||    30
  Dodge: Dodged            ||    42
